[Event "Titled Tuesday Blitz August 15 Early 2023"]
[White "Cherniaiev, Tykhon"]
[Black "Toncheva, Nadya"]
[WhiteFideId "14182360"]
[BlackFideId "2924056"]
[WhiteElo "2795"]
[BlackElo "2565"]
[Result "1-0"]
[Round "8"]
[TimeControl "180+1"]
[Date "2023.08.15"]
[WhiteClock "0:00:24"]
[BlackClock "0:00:00"]
[Board "45"]

1. Nf3 d6 2. d4 Nf6 3. c4 Nbd7 4. Nc3 e5 5. g3 g6 6. Bg2 Bg7 7. O-O O-O 8. b3 Re8 9. Bb2 e4 10. Ng5 e3 11. fxe3 h6 12. Nge4 Ng4 13. Rf3 f5 14. Nf2 Nxe3 15. Qd3 Nxg2 16. Kxg2 Nf6 17. Rf1 Bd7 18. Kg1 Qe7 19. Bc1 Ne4 20. Nd5 Qd8 21. Nf4 Kh7 22. d5 a5 23. Re3 Nc5 24. Qd1 Qf6 25. Rf3 a4 26. b4 Ne4 27. Qc2 Nxf2 28. R1xf2 Re4 29. Ne6 Qa1 30. Nxg7 Qxg7 31. Qxe4 fxe4 32. Rf7 Kg8 33. Rxg7+ Kxg7 34. Bb2+ Kg8 35. Rf6 Be8 36. Re6 a3 37. Bc3 Bf7 38. Re7 c6 39. c5 dxc5 40. d6 Rd8 41. d7 Kf8 42. Bf6 cxb4 43. Rxf7+ Kxf7 44. Bxd8 Ke6 45. Ba5 Kxd7 46. Bxb4 Ke6 47. Bxa3 Kd5 48. Bf8 h5 49. Kf2 Kd4 50. Bg7+ Kd5 51. Ke3 c5 52. h4 b5 53. a3 Ke6 54. Kxe4 1-0


[Site "https://www.chess.com"]

[Event "Titled Tuesday Blitz August 15 Early 2023"]
[White "Thecourseoisildur"]
[Black "Schmakel, Sam"]
[BlackFideId "2039311"]
[WhiteElo "2564"]
[BlackElo "2764"]
[Result "1-0"]
[Round "8"]
[TimeControl "180+1"]
[Date "2023.08.15"]
[WhiteClock "0:00:02"]
[BlackClock "0:00:02"]
[Board "46"]

1. e4 e6 2. d4 d5 3. e5 c5 4. c3 Nc6 5. Nf3 Qb6 6. a3 Nge7 7. dxc5 Qc7 8. Bb5 Bd7 9. Qe2 Ng6 10. Bxc6 Bxc6 11. b4 Be7 12. Nbd2 Nf4 13. Qf1 a6 14. a4 Qd7 15. Nb3 Bxa4 16. Bxf4 Bxb3 17. Qd3 Bc4 18. Qd2 O-O 19. h4 a5 20. bxa5 Bxc5 21. h5 b6 22. h6 g6 23. Be3 Bxe3 24. Qxe3 bxa5 25. Qg5 Qd8 26. Qg4 Bd3 27. Nd4 Qc7 28. Kd2 Bf5 29. Nxf5 exf5 30. Qd4 a4 31. Rhb1 a3 32. Rb3 Qe7 33. Rab1 Qg5+ 34. Ke2 a2 35. Ra1 Qxh6 36. Rb2 Qh5+ 37. f3 Qg5 38. Kf2 Rfc8 39. Rbxa2 Rxa2+ 40. Rxa2 Qd8 41. e6 Qe7 42. exf7+ Qxf7 43. Ra7 Qf8 44. Qxd5+ Kh8 45. Qe5+ Kg8 46. Qe6+ Kh8 47. Rf7 Qc5+ 48. Kg3 Qxc3 49. Qe7 Qc4 50. Rxh7+ Kg8 51. Qg7# 1-0


[Site "https://www.chess.com"]

[Event "Titled Tuesday Blitz August 15 Early 2023"]
[White "Shapiro, Viktor"]
[Black "Bersamina, Paulo"]
[WhiteFideId "4175700"]
[BlackFideId "5206995"]
[WhiteElo "2556"]
[BlackElo "2756"]
[Result "1-0"]
[Round "8"]
[TimeControl "180+1"]
[Date "2023.08.15"]
[WhiteClock "0:01:13"]
[BlackClock "0:00:09"]
[Board "47"]

1. c4 e5 2. Nc3 Nc6 3. g3 f5 4. Bg2 Nf6 5. d3 Bb4 6. Nf3 Bxc3+ 7. bxc3 O-O 8. O-O d6 9. Rb1 Qe8 10. Ba3 f4 11. c5 d5 12. e3 Bg4 13. exf4 Qh5 14. Rxb7 e4 15. dxe4 dxe4 16. Qb3+ Kh8 17. Ng5 Na5 18. Qb5 Nxb7 19. Qxb7 Rab8 20. Qxc7 e3 21. fxe3 Rbd8 22. c6 Rc8 23. Qb7 Rb8 24. Bxf8 Rxb7 25. cxb7 Qe8 26. Bd6 Qxe3+ 27. Kh1 Nd7 28. Nf7+ Kg8 29. Ne5 Bh3 30. Bxh3 Qe4+ 31. Bg2 Qxb7 32. Bxb7 1-0


[Site "https://www.chess.com"]

[Event "Titled Tuesday Blitz August 15 Early 2023"]
[White "Shishkov, Andrei"]
[Black "Kosteniuk, Alexandra"]
[WhiteFideId "4500563"]
[BlackFideId "4128125"]
[WhiteElo "2547"]
[BlackElo "2743"]
[Result "0-1"]
[Round "8"]
[TimeControl "180+1"]
[Date "2023.08.15"]
[WhiteClock "0:00:00"]
[BlackClock "0:00:54"]
[Board "48"]

1. d4 Nf6 2. c4 g6 3. f3 c5 4. d5 d6 5. e4 Bg7 6. Ne2 b5 7. cxb5 a6 8. Nec3 O-O 9. Be2 axb5 10. Nxb5 Ba6 11. N1c3 Nbd7 12. O-O Nb6 13. a4 Nfd7 14. Qc2 Qb8 15. Bd2 Ne5 16. b3 e6 17. f4 Ned7 18. dxe6 fxe6 19. Rad1 d5 20. e5 Nc8 21. Bg4 Qb6 22. Nxd5 exd5 23. Bxd7 Ne7 24. Be3 d4 25. Bc1 Rad8 26. Qc4+ Kh8 27. Be6 Nc6 28. Ba3 Na5 29. Qxc5 Qxe6 30. Rxd4 Nxb3 31. Rd6 Nxc5 0-1


[Site "https://www.chess.com"]

[Event "Titled Tuesday Blitz August 15 Early 2023"]
[White "Dimitrov, Atanas"]
[Black "Jaskolka, Tomasz"]
[WhiteFideId "2901315"]
[BlackFideId "1170791"]
[WhiteElo "2732"]
[BlackElo "2556"]
[Result "1-0"]
[Round "8"]
[TimeControl "180+1"]
[Date "2023.08.15"]
[WhiteClock "0:00:28"]
[BlackClock "0:00:17"]
[Board "49"]

1. Nf3 d5 2. e3 c6 3. c4 Nf6 4. Nc3 a6 5. b3 Bg4 6. Be2 e6 7. O-O Bd6 8. d4 O-O 9. Bb2 Nbd7 10. Rc1 Re8 11. h3 Bxf3 12. Bxf3 b5 13. e4 b4 14. e5 bxc3 15. Bxc3 Ba3 16. exf6 Bxc1 17. Qxc1 Qxf6 18. Qe3 a5 19. Rc1 a4 20. Qd2 axb3 21. axb3 Reb8 22. Bb4 h6 23. Qc3 c5 24. dxc5 Qxc3 25. Bxc3 Nxc5 26. cxd5 Nxb3 27. Rb1 Nc5 28. Rf1 Ra3 29. Be5 Rd8 30. Bc7 Rd7 31. d6 Na6 32. Bc6 Rxc7 33. dxc7 Nxc7 34. Rd1 Ra7 35. Rd7 Ra1+ 36. Kh2 Na6 37. Rd8+ Kh7 38. Ra8 Ra2 39. Ra7 f6 40. Bd7 e5 41. Bf5+ Kg8 42. Be6+ Kh7 43. Bxa2 Nc5 44. Bb1+ e4 45. Rc7 Ne6 46. Bxe4+ Kg8 47. Bd5 h5 48. Bxe6+ Kh7 49. f4 h4 50. Kg1 Kh6 51. Kf2 Kh5 52. Kf3 g6 53. Rh7# 1-0


[Site "https://www.chess.com"]

[Event "Titled Tuesday Blitz August 15 Early 2023"]
[White "Ordekalog"]
[Black "Leiva, Gianmarco"]
[BlackFideId "3804399"]
[WhiteElo "2537"]
[BlackElo "2723"]
[Result "1-0"]
[Round "8"]
[TimeControl "180+1"]
[Date "2023.08.15"]
[WhiteClock "0:00:08"]
[BlackClock "0:00:15"]
[Board "50"]

1. e4 c5 2. d3 d6 3. g3 g6 4. Bg2 Bg7 5. f4 Nc6 6. Nf3 e6 7. O-O Nge7 8. c3 O-O 9. Be3 b6 10. Na3 Ba6 11. Bf2 d5 12. e5 d4 13. c4 Nb4 14. Nc2 Nxc2 15. Qxc2 Qd7 16. g4 b5 17. b3 Rab8 18. Bh4 bxc4 19. bxc4 Rb4 20. a3 Rb6 21. Ng5 Bb7 22. Ne4 Bxe4 23. Bxe4 Rfb8 24. Rf2 Rb3 25. Bf6 Bxf6 26. exf6 Nc8 27. f5 Nd6 28. fxg6 hxg6 29. Bg2 e5 30. h3 e4 31. dxe4 Qe6 32. Qc1 Re3 33. Rb1 Rb6 34. g5 Nxe4 35. Rf4 Nc3 36. Rxb6 axb6 37. Bf1 Re1 38. Qd2 Ne2+ 39. Kf2 Nxf4 40. Qxe1 Qxe1+ 41. Kxe1 Kf8 42. Kf2 Ke8 43. h4 Kd7 44. Kf3 Ne6 45. Bh3 Kd6 46. Ke4 Nf8 47. a4 Nd7 48. Bxd7 Kxd7 49. Kd3 Kd6 50. Ke4 Ke6 51. Kf4 Kd7 52. Ke4 Ke8 53. Kd3 Kd8 54. Ke4 Kd7 55. Kd3 Kd6 56. Ke4 Ke6 57. Kf4 d3 58. Ke3 Kf5 59. Kxd3 Kg4 60. Ke4 Kxh4 61. Kd5 Kxg5 62. Kc6 Kh4 63. Kxb6 g5 64. a5 g4 65. a6 g3 66. a7 g2 67. a8=Q g1=Q 68. Qh8+ Kg3 69. Qg7+ Kf2 70. Qxg1+ Kxg1 71. Kxc5 1-0


[Site "https://www.chess.com"]

[Event "Titled Tuesday Blitz August 15 Early 2023"]
[White "Martinez Reyes, Pedro Ramon"]
[Black "Shyam, Sundar M."]
[WhiteFideId "3901807"]
[BlackFideId "5019141"]
[WhiteElo "2518"]
[BlackElo "2703"]
[Result "1-0"]
[Round "8"]
[TimeControl "180+1"]
[Date "2023.08.15"]
[WhiteClock "0:00:15"]
[BlackClock "0:00:47"]
[Board "51"]

1. e4 e5 2. Nf3 Nc6 3. Nc3 Nf6 4. Be2 g6 5. d4 exd4 6. Nxd4 Bg7 7. Nxc6 bxc6 8. O-O d6 9. e5 dxe5 10. Qxd8+ Kxd8 11. Bf3 Bd7 12. Rd1 Ke7 13. Be3 Rhd8 14. Bc5+ Ke8 15. Re1 Ng8 16. Re4 f5 17. Ra4 e4 18. Re1 Ne7 19. Bxe4 Kf7 20. Bxe7 Bxc3 21. bxc3 Kxe7 22. Bxf5+ Kf6 23. Bd3 Re8 24. Rae4 Rxe4 25. Rxe4 Rb8 26. f4 Rb1+ 27. Kf2 c5 28. Re5 Rb2 29. Rxc5 Rxa2 30. Rxc7 Bf5 31. Ke3 h5 32. Rc6+ Ke7 33. Bxf5 gxf5 34. Kd3 a5 35. Rg6 a4 36. Rg5 Ke6 37. Rxh5 a3 38. Rh6+ Kd5 39. c4+ Kc5 40. Kc3 Ra1 41. Ra6 a2 42. Kb2 Rg1 43. Rxa2 Rxg2 44. Kc3 Rxh2 45. Ra5+ Kc6 46. Rxf5 Rh3+ 47. Kb4 Rh2 48. Rf6+ 1-0


[Site "https://www.chess.com"]

[Event "Titled Tuesday Blitz August 15 Early 2023"]
[White "RrainlessBobot"]
[Black "Skvortsov, Andrei"]
[BlackFideId "24108600"]
[WhiteElo "2489"]
[BlackElo "2695"]
[Result "1-0"]
[Round "8"]
[TimeControl "180+1"]
[Date "2023.08.15"]
[WhiteClock "0:00:46"]
[BlackClock "0:00:14"]
[Board "52"]

1. Nf3 e6 2. g3 b5 3. Bg2 Bb7 4. O-O d6 5. d3 Nd7 6. e4 c5 7. a4 a6 8. Na3 b4 9. Nc4 Qc7 10. Re1 Ngf6 11. Bf4 Ng4 12. e5 dxe5 13. Nfxe5 Ngxe5 14. Bxb7 Qxb7 15. Nxe5 Nf6 16. Nc4 Rd8 17. Be5 Be7 18. Bxf6 Bxf6 19. Qh5 Rd5 20. Rxe6+ Kd8 21. Rb6 Qd7 22. Qf3 Re8 23. Rb8+ Kc7 24. Rxe8 Rf5 25. Qa8 1-0


[Site "https://www.chess.com"]

[Event "Titled Tuesday Blitz August 15 Early 2023"]
[White "Hoang, Thi Bao Tram"]
[Black "Bazilius, Augustinas"]
[WhiteFideId "12401102"]
[BlackFideId "12832251"]
[WhiteElo "2672"]
[BlackElo "2468"]
[Result "1/2-1/2"]
[Round "8"]
[TimeControl "180+1"]
[Date "2023.08.15"]
[WhiteClock "0:01:38"]
[BlackClock "0:01:35"]
[Board "53"]

1. d4 Nf6 2. Nf3 g6 3. g3 Bg7 4. Bg2 O-O 5. O-O d5 6. c4 c6 7. cxd5 cxd5 8. Ne5 Nc6 9. Nxc6 bxc6 10. Nc3 Nd7 11. Na4 e5 12. Be3 Rb8 13. Rc1 Bb7 14. b3 Qa5 15. Bd2 Qc7 16. Be3 Qa5 17. Qd3 Ba6 18. Qd1 Bb7 1/2-1/2


[Site "https://www.chess.com"]

[Event "Titled Tuesday Blitz August 15 Early 2023"]
[White "Dehtiarov, Roman"]
[Black "Lach, Aleksandra"]
[WhiteFideId "14186640"]
[BlackFideId "1134299"]
[WhiteElo "2669"]
[BlackElo "2424"]
[Result "1-0"]
[Round "8"]
[TimeControl "180+1"]
[Date "2023.08.15"]
[WhiteClock "0:00:29"]
[BlackClock "0:00:43"]
[Board "54"]

1. e4 c6 2. Nc3 g6 3. Nf3 Bg7 4. d4 d6 5. Bd3 Nf6 6. O-O O-O 7. h3 b5 8. a3 a5 9. Be3 Bb7 10. Qd2 Nbd7 11. Bh6 b4 12. axb4 axb4 13. Ne2 c5 14. Bxg7 Kxg7 15. e5 dxe5 16. dxe5 Nd5 17. e6 fxe6 18. Ng5 Rf6 19. Be4 Nf8 20. Rxa8 Qxa8 21. Rd1 h6 22. Nf3 Nb6 23. Bxb7 Qxb7 24. Qe3 Nc4 25. Qxc5 Nxb2 26. Rb1 Qe4 27. Ng3 Qf4 28. Ne5 Na4 29. Qxe7+ Kg8 30. Ng4 Rf7 31. Qxb4 Qxb4 32. Rxb4 Nc3 33. Nxh6+ Kg7 34. Nxf7 Kxf7 35. Rb7+ Kf6 36. Rc7 Nd5 37. Rc8 Nd7 38. c4 Nc3 39. c5 Ke7 40. c6 Nb6 41. Rb8 Nbd5 42. Rg8 1-0


[Site "https://www.chess.com"]

[Event "Titled Tuesday Blitz August 15 Early 2023"]
[White "Huschenbeth, Niclas"]
[Black "Smiechu"]
[WhiteFideId "24604747"]
[WhiteElo "2666"]
[BlackElo "2415"]
[Result "1-0"]
[Round "8"]
[TimeControl "180+1"]
[Date "2023.08.15"]
[WhiteClock "0:00:15"]
[BlackClock "0:00:15"]
[Board "55"]

1. e4 c5 2. Nf3 g6 3. d4 cxd4 4. Nxd4 Nc6 5. c4 Nf6 6. Nc3 Nxd4 7. Qxd4 d6 8. Be2 Bg7 9. Be3 O-O 10. Qd2 a5 11. O-O a4 12. Bd4 Qa5 13. Rad1 Be6 14. f4 Rfc8 15. b3 axb3 16. axb3 Qb4 17. f5 Bd7 18. Bxf6 Bxf6 19. Nd5 Qxd2 20. Nxf6+ Kg7 21. Rxd2 Kxf6 22. fxg6+ Kxg6 23. e5 Bc6 24. exd6 Rd8 25. Rfd1 exd6 26. Rxd6+ Rxd6 27. Rxd6+ Kf5 28. Rd3 Ra2 29. Bf3 Rb2 30. h3 Be4 31. Rd7 Rxb3 32. Bxe4+ Kxe4 33. Rxf7 h5 34. Rh7 b5 35. c5 b4 36. Rxh5 Rb1+ 37. Kh2 b3 38. c6 Rc1 39. Rb5 Rxc6 40. Rxb3 Kf4 41. Rb5 Rc2 42. Rb8 Kg5 43. Rg8+ Kh4 44. Rg4+ Kh5 45. Ra4 Kg5 46. h4+ Kh5 47. Kh3 Rc3+ 48. g3 Rb3 49. Ra5+ Kh6 50. h5 Rb1 51. Kh4 Rh1+ 52. Kg4 Rb1 53. Ra6+ Kg7 54. Kg5 Rb5+ 55. Kh4 Kh7 56. g4 Kg7 57. h6+ Kh7 58. g5 Rc5 59. Kh5 Rc1 60. g6+ 1-0


[Site "https://www.chess.com"]

[Event "Titled Tuesday Blitz August 15 Early 2023"]
[White "Pax-Pramana"]
[Black "Ter-Sahakyan, Samvel"]
[BlackFideId "13302531"]
[WhiteElo "2556"]
[BlackElo "2822"]
[Result "0-1"]
[Round "8"]
[TimeControl "180+1"]
[Date "2023.08.15"]
[WhiteClock "0:00:05"]
[BlackClock "0:00:06"]
[Board "56"]

1. e4 c5 2. Ne2 Nc6 3. Nbc3 Nf6 4. d3 g6 5. Be3 d6 6. f3 Bg7 7. d4 Qa5 8. Qd2 O-O 9. O-O-O b5 10. Kb1 b4 11. Nd5 Rb8 12. g4 c4 13. Nxf6+ Bxf6 14. Nc1 c3 15. Qf2 cxb2 16. Nb3 Qc7 17. h4 a5 18. h5 g5 19. Nd2 a4 20. Bc4 Na5 21. Bd3 Be6 22. h6 Bxa2+ 23. Kxa2 Qc3 24. Kb1 Qa3 25. Nb3 axb3 26. cxb3 Nxb3 27. Kc2 Rfc8+ 28. Bc4 Rxc4+ 29. Kd3 Nc5+ 30. Kxc4 Qb3# 0-1


[Site "https://www.chess.com"]

[Event "Titled Tuesday Blitz August 15 Early 2023"]
[White "D`Arruda, Ricardo D."]
[Black "Putnam, Liam"]
[WhiteFideId "100692"]
[BlackFideId "30938279"]
[WhiteElo "2549"]
[BlackElo "2804"]
[Result "0-1"]
[Round "8"]
[TimeControl "180+1"]
[Date "2023.08.15"]
[WhiteClock "0:00:06"]
[BlackClock "0:00:33"]
[Board "57"]

1. d4 a6 2. e4 b5 3. Nc3 Bb7 4. Bd3 e6 5. Nf3 Nf6 6. e5 Nd5 7. Nxd5 Bxd5 8. Bg5 Be7 9. Bxe7 Qxe7 10. O-O O-O 11. Qe2 d6 12. Be4 Bxe4 13. Qxe4 d5 14. Qe3 Nd7 15. c3 c5 16. a3 Rac8 17. Rae1 Nb6 18. dxc5 Qxc5 19. Nd4 Nc4 20. Qe2 a5 21. f4 b4 22. axb4 axb4 23. f5 bxc3 24. bxc3 Nb6 25. Rf3 Na4 26. f6 Nxc3 27. Qe3 Ne4 28. Rd1 Kh8 29. Rh3 Rg8 30. Qf4 g5 31. Qg4 Rg6 32. Kf1 Qc4+ 33. Rhd3 Nc5 0-1


[Site "https://www.chess.com"]

[Event "Titled Tuesday Blitz August 15 Early 2023"]
[White "Postlmayer, Jakob"]
[Black "Hambleton, Aman"]
[WhiteFideId "1643622"]
[BlackFideId "2606577"]
[WhiteElo "2550"]
[BlackElo "2747"]
[Result "0-1"]
[Round "8"]
[TimeControl "180+1"]
[Date "2023.08.15"]
[WhiteClock "0:00:10"]
[BlackClock "0:00:04"]
[Board "58"]

1. c4 c5 2. g3 e6 3. Bg2 Qc7 4. Nc3 a6 5. e3 Nf6 6. Nge2 d6 7. O-O Nbd7 8. b3 Rb8 9. d4 b5 10. cxb5 axb5 11. dxc5 Nxc5 12. b4 Ncd7 13. Qd3 Ne5 14. Qd1 Be7 15. a4 bxa4 16. Qxa4+ Bd7 17. Qa5 Qc8 18. b5 Nc4 19. Qa6 O-O 20. Nd4 d5 21. Rd1 Bb4 22. Nde2 Bxb5 23. Nxb5 Qxa6 24. Rxa6 Rxb5 25. Ra7 Rb6 26. Nf4 h6 27. Kf1 Rfb8 28. Nd3 Bd6 29. Ke2 Kf8 30. Bd2 Nxd2 31. Kxd2 R6b7 32. Rda1 Ke7 33. Kc2 Rc8+ 34. Kd2 Rxa7 35. Rxa7+ Rc7 36. Ra2 Nd7 37. Ke2 h5 38. Bf3 g6 39. h4 Nf6 40. Kd2 Rd7 41. Rc2 Ra7 42. Ke2 Nd7 43. Nc1 Ne5 44. Bg2 Ra3 45. Ke1 Nc4 46. Bf1 Ne5 47. Be2 Ra1 48. Kd2 Bb4+ 49. Kd1 Ba3 50. Kd2 Bxc1+ 51. Rxc1 Rxc1 52. Kxc1 Ng4 53. Bxg4 hxg4 54. Kc2 Kd6 55. Kd3 e5 56. Kc3 Kc5 57. Kb3 d4 58. e4 Kb5 59. Kb2 Kc4 60. Kc2 d3+ 0-1


[Site "https://www.chess.com"]

[Event "Titled Tuesday Blitz August 15 Early 2023"]
[White "Karamsetty, Jeevan"]
[Black "Stribuk, Artiom"]
[WhiteFideId "2025337"]
[BlackFideId "13515659"]
[WhiteElo "2545"]
[BlackElo "2735"]
[Result "0-1"]
[Round "8"]
[TimeControl "180+1"]
[Date "2023.08.15"]
[WhiteClock "0:00:00"]
[BlackClock "0:00:42"]
[Board "59"]

1. e4 e5 2. Nf3 Nc6 3. Bc4 Nf6 4. d4 exd4 5. e5 Ng4 6. Qe2 Qe7 7. Bf4 d6 8. Bb5 dxe5 9. Nxe5 Nxe5 10. Bxe5 Be6 11. Bxc6+ bxc6 12. Bxd4 Qg5 13. O-O Bd6 14. g3 h5 15. Nc3 h4 16. f4 Qf5 17. Ne4 hxg3 18. Nxg3 Qb5 19. Qxb5 cxb5 20. Bxg7 Bc5+ 21. Kg2 Bd5+ 22. Rf3 Bxf3+ 23. Kxf3 Rxh2 24. Re1+ Kd7 25. Rd1+ Kc6 26. Rc1 Re8 27. c4 Re3+ 28. Kg4 Rg2 29. cxb5+ Kxb5 30. a4+ Kb6 31. a5+ Kb5 0-1


[Site "https://www.chess.com"]

[Event "Titled Tuesday Blitz August 15 Early 2023"]
[White "Gritsenko, Nikolai"]
[Black "Degenbaev, Aziz"]
[WhiteFideId "14112493"]
[BlackFideId "13802640"]
[WhiteElo "2733"]
[BlackElo "2542"]
[Result "0-1"]
[Round "8"]
[TimeControl "180+1"]
[Date "2023.08.15"]
[WhiteClock "0:00:00"]
[BlackClock "0:00:05"]
[Board "60"]

1. d4 Nf6 2. Bg5 c5 3. Bxf6 gxf6 4. c3 Qb6 5. Qd2 f5 6. Nf3 Bg7 7. e3 O-O 8. Na3 d5 9. Be2 Nc6 10. O-O e6 11. Rab1 Ne7 12. Nc2 Ng6 13. Nce1 Bd7 14. Nd3 cxd4 15. cxd4 Bb5 16. Rfc1 Bxd3 17. Bxd3 Rac8 18. g3 Bf6 19. Rxc8 Rxc8 20. Rc1 Rc6 21. Rc2 Ne7 22. Kg2 Nc8 23. Rxc6 Qxc6 24. Qa5 Kg7 25. h3 a6 26. Ne5 Bxe5 27. dxe5 d4+ 28. f3 b6 29. Qb4 dxe3 30. Qf4 h6 31. Qxe3 Ne7 32. Qd4 Qc1 33. Bxa6 Nc6 34. Qc3 Qxc3 35. bxc3 Nxe5 36. Bb5 Kf6 37. f4 Ng6 38. Kf3 e5 39. Ke3 h5 40. Be8 Ke7 41. Bb5 h4 42. gxh4 exf4+ 43. Kf3 Nxh4+ 44. Kxf4 Kf6 45. c4 Ng6+ 46. Kf3 Ke5 47. Be8 Kd4 48. Kg3 Ne5 49. h4 Ke3 50. h5 f4+ 51. Kh4 f3 52. c5 bxc5 53. Bb5 c4 54. Bc6 f2 55. Bg2 c3 56. h6 c2 57. h7 c1=Q 58. h8=Q Ng6+ 59. Kg5 Nxh8 60. Kf6 f1=Q+ 0-1


[Site "https://www.chess.com"]

[Event "Titled Tuesday Blitz August 15 Early 2023"]
[White "Bryakin, Mikhail"]
[Black "Hajiyev, Kanan"]
[WhiteFideId "4165314"]
[BlackFideId "13404148"]
[WhiteElo "2710"]
[BlackElo "2540"]
[Result "1-0"]
[Round "8"]
[TimeControl "180+1"]
[Date "2023.08.15"]
[WhiteClock "0:00:52"]
[BlackClock "0:00:02"]
[Board "61"]

1. Nf3 Nf6 2. e3 d5 3. b3 c5 4. Bb2 a6 5. c4 Nc6 6. cxd5 Nxd5 7. d4 cxd4 8. Nxd4 Nxd4 9. Qxd4 e6 10. Bc4 Qf6 11. Bxd5 Qxd4 12. Bxd4 exd5 13. Ke2 Be6 14. Rc1 f6 15. Nc3 Ba3 16. Rd1 Rc8 17. Na4 Kf7 18. Bb2 Bb4 19. Rac1 b5 20. Nb6 Rxc1 21. Rxc1 Rb8 22. Rc7+ Kg6 23. Rc6 Bg8 24. Bd4 a5 25. Nd7 Rd8 26. Ne5+ Kf5 27. g4+ Kg5 28. Kf3 fxe5 29. Bxe5 h5 30. h3 hxg4+ 31. hxg4 d4 32. Kg3 Bd6 33. Bxd6 Rxd6 34. Rxd6 g6 35. f4+ 1-0


[Site "https://www.chess.com"]

[Event "Titled Tuesday Blitz August 15 Early 2023"]
[White "Grebeniuk, Semen"]
[Black "Kushko, Dmitriy"]
[WhiteFideId "14117509"]
[BlackFideId "14162261"]
[WhiteElo "2539"]
[BlackElo "2688"]
[Result "0-1"]
[Round "8"]
[TimeControl "180+1"]
[Date "2023.08.15"]
[WhiteClock "0:00:00"]
[BlackClock "0:00:04"]
[Board "62"]

1. d4 g6 2. Nf3 Bg7 3. c3 d6 4. Bg5 Nf6 5. Nbd2 O-O 6. e4 Nc6 7. Bc4 h6 8. Bh4 e5 9. dxe5 Nxe5 10. Nxe5 dxe5 11. O-O Qe8 12. Re1 Bd7 13. Qc2 Nh5 14. f3 Bf6 15. Bf2 Nf4 16. Bf1 Qe7 17. Nc4 Rfd8 18. Ne3 c6 19. a4 h5 20. Red1 h4 21. h3 Bg5 22. a5 Nh5 23. Nc4 Bf4 24. Nd6 Be6 25. Nc4 Qg5 26. Rxd8+ Rxd8 27. Rd1 Rxd1 28. Qxd1 Bxh3 29. Qe1 Be6 30. Bxh4 Qh6 31. Nd6 Be3+ 32. Bf2 Bxf2+ 33. Qxf2 b6 34. axb6 axb6 35. g3 Qc1 36. Nb7 c5 37. Nd6 Qd1 38. Nb5 Bc4 39. Kg2 Bxf1+ 40. Qxf1 Qd2+ 41. Qf2 Qd3 42. Nc7 Nf6 43. b4 Qd7 44. Na6 Qb5 45. Nc7 Qc6 46. Nd5 Nxd5 47. exd5 Qxd5 48. bxc5 bxc5 49. Qe3 c4 50. Kf2 Kg7 51. g4 Kf6 52. g5+ Ke6 53. f4 e4 54. Qh3+ Qf5 55. Qe3 Qd5 56. Qb6+ Kf5 57. Qf6+ Kg4 58. Ke1 e3 0-1


[Site "https://www.chess.com"]

[Event "Titled Tuesday Blitz August 15 Early 2023"]
[White "Prohaszka, Peter"]
[Black "Benedetti, Julio"]
[WhiteFideId "726265"]
[BlackFideId "172545"]
[WhiteElo "2681"]
[BlackElo "2535"]
[Result "1-0"]
[Round "8"]
[TimeControl "180+1"]
[Date "2023.08.15"]
[WhiteClock "0:00:01"]
[BlackClock "0:00:00"]
[Board "63"]

1. e4 c5 2. Nf3 d6 3. Bb5+ Nd7 4. d4 cxd4 5. Qxd4 a6 6. Bxd7+ Bxd7 7. O-O e5 8. Qe3 Be7 9. Rd1 Nf6 10. c4 Rc8 11. b3 b5 12. Nbd2 g5 13. Qxg5 Rg8 14. Qe3 Bh3 15. g3 h5 16. Ba3 h4 17. cxb5 axb5 18. Nf1 Ng4 19. Qe2 Qb6 20. Rac1 Ra8 21. Bb4 hxg3 22. Nxg3 Nf6 23. Rc2 Nh5 24. Rdc1 Nxg3 25. hxg3 Rxg3+ 26. Kh2 Rg6 27. Kxh3 Kd7 28. Nxe5+ dxe5 29. Qd3+ Ke6 30. Rc6+ 1-0


[Site "https://www.chess.com"]

[Event "Titled Tuesday Blitz August 15 Early 2023"]
[White "Ansh M Shah"]
[Black "Veiga, Jose Francisco R P Neves"]
[WhiteFideId "25033379"]
[BlackFideId "1930087"]
[WhiteElo "2527"]
[BlackElo "2677"]
[Result "1-0"]
[Round "8"]
[TimeControl "180+1"]
[Date "2023.08.15"]
[WhiteClock "0:00:23"]
[BlackClock "0:00:02"]
[Board "64"]

1. d4 Nf6 2. c4 e6 3. g3 c5 4. Bg2 cxd4 5. Nf3 Nc6 6. Nxd4 Bc5 7. Nxc6 bxc6 8. O-O O-O 9. b3 d5 10. Bb2 a5 11. Nd2 a4 12. Rc1 axb3 13. axb3 Be7 14. e3 Ba6 15. Qc2 Qb6 16. Bd4 Qb7 17. Rfd1 Rfc8 18. e4 dxe4 19. Nxe4 Nxe4 20. Bxe4 h6 21. Qc3 Bf8 22. Bb1 Rd8 23. Qc2 f5 24. Be3 Qf7 25. Rxd8 Rxd8 26. Rd1 Rxd1+ 27. Qxd1 c5 28. Qd8 Kh7 29. Bd3 Bb7 30. Bf1 e5 31. Bg2 Bxg2 32. Kxg2 f4 33. Qd3+ Kg8 34. Bd2 Qb7+ 35. Qd5+ Qxd5+ 36. cxd5 fxg3 37. fxg3 Kf7 38. Kf3 Bd6 39. Ke4 Kf6 40. g4 Bc7 41. h4 g5 42. h5 Bd6 43. Ba5 Kf7 44. Bd8 Bb8 45. Bb6 Bd6 46. Ba7 Kf6 47. Bb6 Kf7 48. Ba5 Kf6 49. Bc3 Bc7 50. Kd3 Bd6 51. Kc4 Ke7 52. Kd3 Kf6 53. Be1 Bc7 54. Ke4 Bd6 55. Bg3 Bc7 56. Bh2 Bd6 57. Bg1 Kf7 58. Be3 Kf6 59. Bc1 Bc7 60. Bd2 Bd6 61. Be1 Bc7 62. b4 cxb4 63. Bxb4 Bb8 64. Bf8 Bc7 65. Bxh6 Bd6 66. Ke3 Be7 67. Kd3 Bd6 68. Ke4 Be7 69. Bxg5+ Kxg5 70. Kxe5 Kxg4 71. h6 Kg5 72. h7 Bf6+ 73. Ke6 Kg6 74. d6 Kg7 75. h8=Q+ Kxh8 76. Kxf6 1-0


[Site "https://www.chess.com"]

[Event "Titled Tuesday Blitz August 15 Early 2023"]
[White "Kleiman, Jake"]
[Black "Bach Ngoc Thuy Duong"]
[WhiteFideId "2020041"]
[BlackFideId "12408956"]
[WhiteElo "2660"]
[BlackElo "2522"]
[Result "1-0"]
[Round "8"]
[TimeControl "180+1"]
[Date "2023.08.15"]
[WhiteClock "0:00:20"]
[BlackClock "0:00:00"]
[Board "65"]

1. e4 c5 2. c3 Nf6 3. e5 Nd5 4. Bc4 Nb6 5. Bb3 c4 6. Bc2 d6 7. exd6 Qxd6 8. Nf3 e5 9. Qe2 Nc6 10. Na3 Qd5 11. Be4 Qe6 12. Nb5 Qe7 13. b3 Be6 14. Ba3 Qd8 15. Bxf8 Kxf8 16. O-O f6 17. Rab1 Kf7 18. Rfd1 cxb3 19. axb3 a6 20. Na3 Qe7 21. Nc2 Rhd8 22. d4 exd4 23. Ncxd4 Bd5 24. Bxd5+ Nxd5 25. Qd3 Kg8 26. Qc4 Nxd4 27. Rxd4 Qf7 28. Rbd1 Rac8 29. Rxd5 Re8 30. Qd3 h6 31. c4 Rf8 32. h3 Rfe8 33. Rd7 Qe6 34. Qd5 Qxd5 35. R1xd5 1-0


[Site "https://www.chess.com"]

[Event "Titled Tuesday Blitz August 15 Early 2023"]
[White "Tikhonov, Viacheslav"]
[Black "Vaishali, Rameshbabu"]
[WhiteFideId "44196407"]
[BlackFideId "5091756"]
[WhiteElo "2516"]
[BlackElo "2650"]
[Result "0-1"]
[Round "8"]
[TimeControl "180+1"]
[Date "2023.08.15"]
[WhiteClock "0:00:08"]
[BlackClock "0:00:02"]
[Board "66"]

1. d4 Nf6 2. c4 g6 3. Nc3 d5 4. cxd5 Nxd5 5. e4 Nxc3 6. bxc3 Bg7 7. Nf3 c5 8. Bb5+ Nc6 9. O-O O-O 10. Bxc6 bxc6 11. Qc2 Qa5 12. a4 cxd4 13. cxd4 Bg4 14. Ne5 Bxe5 15. dxe5 Qxe5 16. Bb2 Qa5 17. Ba3 Rfe8 18. Bc5 Rad8 19. f3 Rd2 20. Qc1 Be6 21. Rb1 Ra2 22. Rb7 Qxa4 23. Rxe7 Rxe7 24. Bxe7 Rc2 25. Qh6 Qd4+ 26. Kh1 Qg7 27. Qf4 h6 28. Bf6 Qf8 29. Rd1 Kh7 30. Rd8 g5 31. Rxf8 gxf4 32. h3 a5 33. Ra8 Ra2 34. Be7 Bc4 35. Bd6 Bf1 36. Bxf4 Bxg2+ 37. Kh2 Bxf3+ 38. Kg3 Bxe4 39. Be5 Bd5 40. h4 Kg6 41. Kf4 Ra4+ 42. Kg3 Kf5 43. Bc7 h5 44. Rxa5 Rxa5 45. Bxa5 Ke4 46. Bb6 f5 47. Ba7 Bc4 48. Bb6 Be2 49. Kf2 Bg4 50. Ba7 f4 51. Bb6 Kd5 52. Bc7 Ke4 53. Bb6 Be6 54. Ba7 Bb3 55. Bb6 Bd1 56. Ba7 Kd5 57. Bb8 f3 58. Ba7 c5 59. Ke3 c4 60. Bb8 c3 61. Bg3 Kc4 62. Be5 Kb3 63. Bd4 Be2 64. Kf2 c2 65. Be3 Kb2 0-1


[Site "https://www.chess.com"]